3AAA
HAMILTON COYOTES @ SIOUX FALLS RED PANDAS
08/18/2029
 
TOP OF THE 1ST
Hamilton Coyotes batting - Pitching for Sioux Falls Red Pandas : LHP Manuel Rojas
Pitching: LHP Manuel Rojas
Batting: RHB Warren Martin 0-0: Called Strike
0-1: Ball
1-1: Bunted foul
1-2: Foul Ball, location: 2F
1-2: Ball
2-2: Ground out 4-3 (Groundball, 4)
Batting: RHB Rodrigo Pagán 0-0: Called Strike
0-1: Ball
1-1: Ball
2-1: Called Strike
2-2: Ball
3-2: Base on Balls
Batting: RHB Robert Hill 0-0: Grounds out, U3 (Groundball, 3L)
Batting: RHB Brandon Carroll 0-0: Foul Ball, location: 2F
0-1: Ground out 6-3 (Groundball, 6)
Top of the 1st over - 0 runs, 0 hits, 0 errors, 1 left on base; Hamilton 0 - Sioux Falls 0
BOTTOM OF THE 1ST
Sioux Falls Red Pandas batting - Pitching for Hamilton Coyotes : RHP Dave Wheeler
Pitching: RHP Dave Wheeler
Batting: SHB Raúl Duarte 0-0: Ball
1-0: Called Strike
1-1: Ball
2-1: Ball
3-1: Called Strike
3-2: Foul Ball, location: 2F
3-2: Base on Balls
Batting: RHB Hieu De 0-0: Ball
1-0: Called Strike
1-1: Ball
2-1: Ball
3-1: Fly out, F8 (Flyball, 89D)
Batting: LHB Fa-tang Wang 0-0: Ball
1-0: Ball
Raúl Duarte steals 2nd base
2-0: Ball
3-0: Base on Balls
Batting: LHB Magali Lenidas 0-0: Called Strike
0-1: Ball
1-1: Ball
2-1: Ball
3-1: Base on Balls
Raúl Duarte to third
Fa-tang Wang to second
Batting: LHB Augustus Driscoll 0-0: Swinging Strike
0-1: Ball
1-1: Ball
2-1: Ball
3-1: Base on Balls
Raúl Duarte scores
Fa-tang Wang to third
Magali Lenidas to second
Batting: LHB Gerald Kaufman 0-0: Ball
1-0: Ball
2-0: Called Strike
2-1: Called Strike
2-2: Foul Ball, location: 2F
2-2: Grounds into double play, 4-6-3 (Groundball, 4M)
Bottom of the 1st over - 1 run, 0 hits, 0 errors, 2 left on base; Hamilton 0 - Sioux Falls 1
TOP OF THE 2ND
Hamilton Coyotes batting - Pitching for Sioux Falls Red Pandas : LHP Manuel Rojas
Batting: RHB Vincente Fuentes 0-0: Ball
1-0: Called Strike
1-1: Ball
2-1: Ground out 6-3 (Groundball, 6MS)
Batting: RHB Markus Thompson 0-0: Called Strike
0-1: Ball
1-1: Foul Ball, location: 2F
1-2: Foul Ball, location: 2F
1-2: Fly out, F4 (Popup, 4MD)
Batting: LHB Ruben Yim 0-0: Ball
1-0: Called Strike
1-1: Ball
2-1: Ground out 1-3 (Groundball, 15S)
Top of the 2nd over - 0 runs, 0 hits, 0 errors, 0 left on base; Hamilton 0 - Sioux Falls 1
BOTTOM OF THE 2ND
Sioux Falls Red Pandas batting - Pitching for Hamilton Coyotes : RHP Dave Wheeler
Batting: RHB Russell Jackson 0-0: Called Strike
0-1: Foul Ball, location: 2F
0-2: Ball
1-2: Ball
2-2: Ground out 5-3 (Groundball, 56)
Batting: RHB Willis Kirkendall 0-0: Ball
1-0: Foul Ball, location: 2F
1-1: Foul Ball, location: 2F
1-2: Ball
2-2: Ball
3-2: Foul Ball, location: 2F
3-2: Base on Balls
Batting: LHB José Ortega 0-0: Ball
1-0: Ball
2-0: Called Strike
2-1: Ground out 5-3 (Groundball, 25)
Willis Kirkendall to second
Pitching: RHP Toshiro Saikawa
Batting: SHB Raúl Duarte 0-0: Ball
1-0: Ball
2-0: Ball
3-0: Called Strike
3-1: Base on Balls
Batting: RHB Hieu De 0-0: Foul Ball, location: 2F
0-1: Swinging Strike
0-2: Foul Ball, location: 2F
0-2: Foul Ball, location: 2F
0-2: Ball
1-2: Ground out 3-1 (Groundball, 34)
Bottom of the 2nd over - 0 runs, 0 hits, 0 errors, 2 left on base; Hamilton 0 - Sioux Falls 1
TOP OF THE 3RD
Hamilton Coyotes batting - Pitching for Sioux Falls Red Pandas : LHP Manuel Rojas
Batting: RHB Raleigh Delaney 0-0: Ball
1-0: Swinging Strike
1-1: Foul Ball, location: 2F
1-2: Strikes out swinging
Batting: RHB Henry Mann 0-0: Ball
1-0: Swinging Strike
1-1: Ball
2-1: Ball
3-1: Base on Balls
Batting: RHB Warren Martin 0-0: Ball
1-0: Called Strike
1-1: Foul Ball, location: 2F
1-2: Ball
2-2: Foul Ball, location: 2F
2-2: Foul Ball, location: 2F
2-2: SINGLE (Flyball, 9LS)
Henry Mann to second
Runner from 2nd tries for 3rd, SAFE, throw made to third
Batting: RHB Rodrigo Pagán 0-0: Ball
1-0: Fielders Choice at 2nd, 6-4 (Groundball, 6)
Henry Mann scores
Batting: RHB Robert Hill 0-0: Ball
Rodrigo Pagán steals 2nd base
1-0: Foul Ball, location: 2F
1-1: 2-RUN HOME RUN (Line Drive, 7D), Distance : 430 ft
Batting: RHB Brandon Carroll 0-0: Ball
1-0: Called Strike
1-1: Ground out 5-3 (Groundball, 5)
Top of the 3rd over - 3 runs, 2 hits, 0 errors, 0 left on base; Hamilton 3 - Sioux Falls 1
BOTTOM OF THE 3RD
Sioux Falls Red Pandas batting - Pitching for Hamilton Coyotes : RHP Toshiro Saikawa
Batting: LHB Fa-tang Wang 0-0: Called Strike
0-1: Ground out 4-3 (Groundball, 4)
Batting: LHB Magali Lenidas 0-0: Ground out 4-3 (Groundball, 4)
Batting: LHB Augustus Driscoll 0-0: Swinging Strike
0-1: Foul Ball, location: 2F
0-2: Ball
1-2: Foul Ball, location: 2F
1-2: Fly out, F8 (Flyball, 8LS)
Bottom of the 3rd over - 0 runs, 0 hits, 0 errors, 0 left on base; Hamilton 3 - Sioux Falls 1
TOP OF THE 4TH
Hamilton Coyotes batting - Pitching for Sioux Falls Red Pandas : LHP Manuel Rojas
Batting: RHB Vincente Fuentes 0-0: Foul Ball, location: 2F
0-1: SINGLE (Groundball, 56D)
Batting: RHB Markus Thompson 0-0: Called Strike
0-1: Ball
1-1: Ball
2-1: Foul Ball, location: 2F
2-2: Grounds into double play, 4-6-3 (Groundball, 4)
Batting: LHB Ruben Yim 0-0: Called Strike
0-1: Bunt missed!
0-2: Ground out U3 (Groundball, 34)
Top of the 4th over - 0 runs, 1 hit, 0 errors, 0 left on base; Hamilton 3 - Sioux Falls 1
BOTTOM OF THE 4TH
Sioux Falls Red Pandas batting - Pitching for Hamilton Coyotes : RHP Toshiro Saikawa
Batting: LHB Gerald Kaufman 0-0: Ball
1-0: Ball
2-0: Bunted foul
2-1: Fly out, F7 (Flyball, 78D)
Batting: RHB Russell Jackson 0-0: Ball
1-0: Ball
2-0: Foul Ball, location: 2F
2-1: Fly out, F9 (Flyball, 9)
Batting: RHB Willis Kirkendall 0-0: Ball
1-0: Foul Ball, location: 2F
1-1: Ball
2-1: SINGLE (Groundball, 6D)
Batting: LHB José Ortega 0-0: Ball
1-0: Ball
2-0: Swinging Strike
2-1: Swinging Strike
2-2: Strikes out swinging
Bottom of the 4th over - 0 runs, 1 hit, 0 errors, 1 left on base; Hamilton 3 - Sioux Falls 1
TOP OF THE 5TH
Hamilton Coyotes batting - Pitching for Sioux Falls Red Pandas : LHP Manuel Rojas
Batting: RHB Raleigh Delaney 0-0: Called Strike
0-1: SINGLE (Groundball, 6) (infield hit)
Batting: RHB Henry Mann 0-0: Ball
1-0: Ball
2-0: SINGLE (Groundball, 34D)
Raleigh Delaney to second
Runner from 2nd tries for 3rd, SAFE, no throw
Batting: RHB Warren Martin 0-0: Ground out 4-3 (Groundball, 34)
Henry Mann to second
Batting: RHB Rodrigo Pagán 0-0: Called Strike
0-1: Ball
1-1: Ball
2-1: Called Strike
2-2: Strikes out looking
Batting: RHB Robert Hill 0-0: Ball
1-0: Ball
2-0: Called Strike
2-1: Ground out 6-3 (Groundball, 6)
Top of the 5th over - 0 runs, 2 hits, 0 errors, 2 left on base; Hamilton 3 - Sioux Falls 1
BOTTOM OF THE 5TH
Sioux Falls Red Pandas batting - Pitching for Hamilton Coyotes : RHP Toshiro Saikawa
Batting: SHB Raúl Duarte 0-0: Called Strike
0-1: Called Strike
0-2: Ground out 4-3 (Groundball, 4)
Batting: RHB Hieu De 0-0: Called Strike
0-1: Ball
1-1: Foul Ball, location: 2F
1-2: Fly out, F9 (Flyball, 9S)
Batting: LHB Fa-tang Wang 0-0: Called Strike
0-1: Ball
1-1: Foul Ball, location: 2F
1-2: Ball
2-2: SINGLE (Groundball, 34D)
Pitching: RHP Ken Frost
Batting: LHB Magali Lenidas 0-0: Ball
Fa-tang Wang is caught stealing 2nd base
Bottom of the 5th over - 0 runs, 1 hit, 0 errors, 0 left on base; Hamilton 3 - Sioux Falls 1
TOP OF THE 6TH
Hamilton Coyotes batting - Pitching for Sioux Falls Red Pandas : LHP Manuel Rojas
Batting: RHB Brandon Carroll 0-0: Called Strike
0-1: Ball
1-1: Swinging Strike
1-2: Ball
2-2: Foul Ball, location: 2F
2-2: Foul Ball, location: 2F
2-2: Foul Ball, location: 2F
2-2: Foul Ball, location: 2F
2-2: Ball
3-2: Strikes out swinging
Pitching: LHP Adrian Neumann
Batting: RHB Vincente Fuentes 0-0: Ball
1-0: Swinging Strike
1-1: SINGLE (Groundball, 34D)
Batting: RHB Markus Thompson 0-0: Swinging Strike
0-1: Foul Ball, location: 2F
0-2: Foul Ball, location: 2F
0-2: Grounds into double play, 6-4-3 (Groundball, 6)
Top of the 6th over - 0 runs, 1 hit, 0 errors, 0 left on base; Hamilton 3 - Sioux Falls 1
BOTTOM OF THE 6TH
Sioux Falls Red Pandas batting - Pitching for Hamilton Coyotes : RHP Ken Frost
Batting: LHB Magali Lenidas 0-0: Ground out 4-3 (Groundball, 4M)
Batting: LHB Augustus Driscoll 0-0: Called Strike
0-1: Ball
1-1: Ball
2-1: Ball
3-1: Base on Balls
Batting: LHB Gerald Kaufman 0-0: Foul Ball, location: 2F
0-1: Swinging Strike
0-2: Strikes out looking
Batting: RHB Russell Jackson 0-0: Ball
1-0: Called Strike
1-1: Ball
2-1: Foul Ball, location: 2F
2-2: Ball
3-2: Base on Balls
Augustus Driscoll to second
Batting: RHB Willis Kirkendall 0-0: Ball
1-0: Ball
2-0: Foul Ball, location: 2F
2-1: Fly out, F8 (Flyball, 8RM)
Bottom of the 6th over - 0 runs, 0 hits, 0 errors, 2 left on base; Hamilton 3 - Sioux Falls 1
TOP OF THE 7TH
Hamilton Coyotes batting - Pitching for Sioux Falls Red Pandas : LHP Adrian Neumann
Batting: LHB Ruben Yim 0-0: Foul Ball, location: 2F
0-1: Ball
1-1: Ball
2-1: Fly out, F7 (Flyball, 7S)
Batting: RHB Raleigh Delaney 0-0: Swinging Strike
0-1: Called Strike
0-2: Foul Ball, location: 2F
0-2: Strikes out looking
Batting: RHB Henry Mann 0-0: Ball
1-0: Ball
2-0: Ball
3-0: Base on Balls
Batting: RHB Warren Martin 0-0: Called Strike
0-1: Foul Ball, location: 2F
0-2: Ball
1-2: Strikes out looking
Top of the 7th over - 0 runs, 0 hits, 0 errors, 1 left on base; Hamilton 3 - Sioux Falls 1
BOTTOM OF THE 7TH
Sioux Falls Red Pandas batting - Pitching for Hamilton Coyotes : RHP Ken Frost
Batting: LHB José Ortega 0-0: Ball
1-0: Ball
2-0: Ball
3-0: Called Strike
3-1: Fly out, F7 (Flyball, 7LM)
Batting: SHB Raúl Duarte 0-0: Ball
1-0: Ball
2-0: Ball
3-0: Base on Balls
Batting: RHB Hieu De 0-0: Called Strike
0-1: Ball
1-1: Ball
Raúl Duarte is caught stealing 2nd base
2-1: TRIPLE (Flyball, 8LXD)
Batting: LHB Fa-tang Wang 0-0: Called Strike
0-1: Foul Ball, location: 2F
0-2: Foul Ball, location: 2F
0-2: Ball
1-2: Foul Ball, location: 2F
1-2: Fly out, F8 (Flyball, 89S)
Bottom of the 7th over - 0 runs, 1 hit, 0 errors, 1 left on base; Hamilton 3 - Sioux Falls 1
TOP OF THE 8TH
Hamilton Coyotes batting - Pitching for Sioux Falls Red Pandas : LHP Adrian Neumann
Pitching: RHP Greg Rook
Batting: RHB Rodrigo Pagán 0-0: Ball
1-0: Called Strike
1-1: Ball
2-1: SINGLE (Line Drive, 6MD)
Batting: RHB Robert Hill 0-0: Fly out, F9 (Flyball, 9LM)
Batting: RHB Brandon Carroll 0-0: Ball
Rodrigo Pagán steals 2nd base
1-0: Ball
2-0: Foul Ball, location: 2F
2-1: Foul Ball, location: 2F
2-2: Foul Ball, location: 2F
2-2: SINGLE (Groundball, 34D)
Rodrigo Pagán to third
Runner from 3rd tries for Home, SAFE, no throw
Batting: RHB Vincente Fuentes 0-0: Ball
1-0: Called Strike
1-1: Foul Ball, location: 2F
1-2: Ball
2-2: Ball
3-2: Strikes out swinging
Batting: RHB Markus Thompson 0-0: Ball
1-0: Ball
2-0: Called Strike
2-1: Swinging Strike
2-2: Foul Ball, location: 2F
2-2: Strikes out swinging
Top of the 8th over - 1 run, 2 hits, 0 errors, 1 left on base; Hamilton 4 - Sioux Falls 1
BOTTOM OF THE 8TH
Sioux Falls Red Pandas batting - Pitching for Hamilton Coyotes : RHP Ken Frost
Batting: LHB Magali Lenidas 0-0: Ball
1-0: Swinging Strike
1-1: Swinging Strike
1-2: Ball
2-2: Ball
3-2: Foul Ball, location: 2F
3-2: Foul Ball, location: 2F
3-2: Base on Balls
Batting: LHB Augustus Driscoll 0-0: Fly out, F8 (Flyball, 8RD)
Batting: LHB Gerald Kaufman 0-0: Grounds into double play, 4-6-3 (Groundball, 4M)
Bottom of the 8th over - 0 runs, 0 hits, 0 errors, 0 left on base; Hamilton 4 - Sioux Falls 1
TOP OF THE 9TH
Hamilton Coyotes batting - Pitching for Sioux Falls Red Pandas : RHP Greg Rook
Batting: LHB Ruben Yim 0-0: Ground out 4-3 (Groundball, 4)
Batting: RHB Raleigh Delaney 0-0: Ball
1-0: Ball
2-0: Ball
3-0: Called Strike
3-1: Swinging Strike
3-2: Strikes out swinging
Batting: RHB Henry Mann 0-0: Ball
1-0: Ball
2-0: Ball
3-0: Called Strike
3-1: Fly out, F9 (Flyball, 9)
Top of the 9th over - 0 runs, 0 hits, 0 errors, 0 left on base; Hamilton 4 - Sioux Falls 1
BOTTOM OF THE 9TH
Sioux Falls Red Pandas batting - Pitching for Hamilton Coyotes : RHP Ken Frost
Batting: RHB Russell Jackson 0-0: Swinging Strike
0-1: Ball
1-1: Ball
2-1: Swinging Strike
2-2: Ground out 5-3 (Groundball, 56S)
Pitching: RHP Rafael Peralta
Batting: RHB Willis Kirkendall 0-0: Called Strike
0-1: Foul Ball, location: 2F
0-2: Strikes out looking
Batting: LHB José Ortega 0-0: Called Strike
0-1: Called Strike
0-2: Foul Ball, location: 2F
0-2: Ground out 4-3 (Groundball, 4)
Bottom of the 9th over - 0 runs, 0 hits, 0 errors, 0 left on base; Hamilton 4 - Sioux Falls 1
Tuesday, December 19th, 2017 - OOTP Baseball 18.8 Build 76